 Dungeon Crawl Stone Soup version 0.24-a0-434-gd57e52fea8 (webtiles) character file.

Game seed: 3328861576307464710

96 theanonym the Cutter (level 4, 0/30 HPs)
             Began as a Mummy Enchanter on June 15, 2019.
             Slain by a gnoll
             ... wielding a +0 whip
              (6 damage)
             ... on level 1 of the Dungeon.
             The game lasted 00:02:24 (1539 turns).

theanonym the Cutter (Mummy Enchanter)              Turns: 1539, Time: 00:02:24

Health: 0/30       AC:  3    Str: 12    XL:     4   Next: 41%
Magic:  8/8        EV: 11    Int: 14    God:
Gold:   80         SH:  0    Dex: 12    Spells: 5/8 levels left

rFire    x . .     SeeInvis .   f - +2 dagger (freeze)
rCold    + . .     Gourm    .   (no shield)
rNeg     + + +     Faith    .   h - +0 leather armour
rPois    ∞         Spirit   .   (no helmet)
rElec    .         Reflect  .   (no cloak)
rCorr    .         Harm     .   (no gloves)
MR       .....                  (no boots)
Stlth    ++........             (no amulet)
HPRegen  0.10/turn              (no ring)
MPRegen  0.11/turn              (no ring)

@: no status effects
A: no food or potions, fire vulnerability, cold resistance 1, negative energy
resistance 3, torment resistance, unbreathing
a: no special abilities


Innate Abilities, Weirdness & Mutations

You do not eat or drink.
Your flesh is vulnerable to fire.
You are immune to poison.
Your flesh is cold resistant. (rC+)
You are immune to negative energy. (rN+++)
You are immune to unholy pain and torment.
You can survive without breathing.


   Skills:
 + Level 3.5 Short Blades
 - Level 1.5 Dodging
 - Level 2.4 Stealth
 - Level 2.6 Spellcasting
 - Level 2.6 Hexes


You had 5 spell levels left.
You knew the following spells:

 Your Spells              Type           Power        Failure   Level  Hunger
a - Corona                Hex            #......      10%         1    N/A
b - Ensorcelled Hibernat  Hex/Ice        #.....       24%         2    N/A

Your spell library contained the following spells:

 Spells                   Type           Power        Failure   Level  Hunger
 Confuse                  Hex            #.......     28%         3    N/A
 Tukima's Dance           Hex            #.......     28%         3    N/A
 Dazzling Spray           Conj/Hex       #.....       43%         3    N/A

Skill      XL: |  1  2  3 |
---------------+----------+-----
Short Blades   | 1 2 3 |  3.5
Dodging        | |  1.5
Stealth        | |  2.4
Spellcasting   | |  2.6
Hexes          | |  2.6

Action                   |  1- 3 |  4- 6 || total
-------------------------+-------+-------++-------
Melee: Dagger            |   138 |    24 ||   162
 Stab: Sleeping          |     2 |     2 ||     4
Armor: Robe              |     5 |       ||     5
       Scale mail        |    10 |       ||    10
       Leather armour    |    26 |     3 ||    29
Dodge: Dodged            |    72 |     9 ||    81

Inventory:

Hand Weapons
 a - a +1 dagger
 f - a +2 dagger of freezing (weapon)
 i - a +0 short sword
Armour
 b - a +0 robe
 d - a +0 scale mail
 h - a +0 leather armour (worn)
Scrolls
 c - 2 scrolls of identify {unknown}
 e - a scroll of teleportation {unknown}
 g - a scroll of remove curse {unknown}
 j - a scroll of enchant armour {unknown}
 k - a scroll of enchant weapon {unknown}


You were on level 1 of the Dungeon.
You were not hungry.

You visited 1 branch of the dungeon, and saw 2 of its levels.

You collected 80 gold pieces.

Dungeon Overview and Level Annotations

Branches:
Dungeon (2/15)

Altars:

#............................##
##.)...........................
##..)..#......######...###.###
##..................#####.!..
#............####### ##.....
#............# #...!..
#..........#.## #......
#..........#.>### #......
#)(........@....### #......
#..........g.#....# ##......
#..........#.###..###.......
#.>........#..##..##..#.....
#..........##...........###.
####..(.###.###.........##....
#....##.....###.#.#.#.##...###
#.#####.#####.............####
#.....†.# ##.##..............


You could see a gnoll.

Notes
Turn   | Place    | Note
-------+----------+-------------------------------------------
     0 | D:1      | theanonym the Mummy Enchanter began the quest for the Orb.
     0 | D:1      | Reached XP level 1. HP: 13/13 MP: 4/4
     4 | D:1      | Reached skill level 1 in Short Blades
   177 | D:1      | Reached XP level 2. HP: 19/19 MP: 5/5
   228 | D:1      | Reached skill level 2 in Short Blades
   283 | D:1      | HP: 6/19 [dart slug/slug dart (5)]
   499 | D:1      | Learned a level 2 spell: Ensorcelled Hibernation
   700 | D:1      | Reached XP level 3. HP: 17/24 MP: 7/7
  1069 | D:2      | Reached skill level 3 in Short Blades
  1073 | D:2      | HP: 12/24 [jackal (2)]
  1080 | D:2      | HP: 9/24 [jackal (1)]
  1327 | D:2      | Reached XP level 4. HP: 27/30 MP: 8/8
  1537 | D:1      | HP: 13/30 [gnoll/+0 whip (6)]
  1538 | D:1      | HP: 6/30 [gnoll/+0 whip (7)]
  1539 | D:1      | Slain by a gnoll

Vanquished Creatures
  A gnoll (D:2)
  2 adders (D:2)
  2 oozes (D:1)
  4 dart slugs
  2 leopard geckos
  6 bats
  2 giant cockroaches (D:2)
  7 goblins
  2 hobgoblins
  4 jackals (D:2)
  A quokka (D:2)
  A ball python (D:1)
  3 frilled lizards
  6 kobolds
  7 rats
50 creatures vanquished.

Table legend:
 A = Turns spent in this place as a percentage of turns spent in the entire game.
 B = Non-inter-level travel turns spent in this place as a percentage of non-inter-level travel turns spent in the entire game.
 C = Inter-level travel turns spent in this place as a percentage of turns spent in this place.
 D = Turns resting spent in this place as a percentage of non-inter-level travel turns spent in this place.
 E = Turns spent auto-exploring this place as a percentage of non-inter-level travel turns spent in this place.
 F = Non-inter-level travel turns spent in this place divided by the number of levels of this place that you've seen.
                   A       B       C       D       E      F
               +-------+-------+-------+-------+-------+----------------------
         Total | 100.0 | 100.0 |   2.2 |  47.5 |  29.0 | 752.5
       Dungeon | 100.0 | 100.0 |   2.2 |  47.5 |  29.0 | 752.5
               +-------+-------+-------+-------+-------+----------------------
